 Dungeon Crawl Stone Soup version 0.27-a0-1193-g8631133539 (webtiles) character file.

Game seed: 11052380121919847307

3831 spiderkeys the Destroyer (level 10, 0/56 HPs)
             Began as an Octopode Conjurer on May 27, 2021.
             Was an Initiate of Gozag.
             Slain by an orc
             ... wielding a +0 trident
              (9 damage)
             ... in a bailey.
             The game lasted 00:18:22 (9043 turns).

spiderkeys the Destroyer (Octopode Conjurer)        Turns: 9043, Time: 00:18:22

Health: 0/56       AC:  1    Str:  6    XL:     10   Next: 18%
Magic:  14/21      EV: 13    Int: 23    God:    Gozag
Gold:   946        SH:  5    Dex: 12    Spells: 6/24 levels left

rFire    + . .     SeeInvis .   r - +0 whip (elec)
rCold    . . .     Faith    .   (no shield)
rNeg     + . .     Spirit   .   (helmet restricted)
rPois    .         Reflect  +   h - amulet of reflection
rElec    .         Harm     .   F - ring of protection from fire
rCorr    .         Rampage  .   N - ring of positive energy
Will     .....                  (no ring)
Stlth    +++.......             (no ring)
HPRegen  0.18/turn              (no ring)
MPRegen  0.17/turn              (no ring)
                                (no ring)
                                (no ring)

@: very slightly contaminated, slowed, very slow
A: almost no armour, amphibious, 8 rings, camouflage 1, gelatinous body 1,
(nimble swimmer 1), tentacles
a: Renounce Religion, Potion Petition, Call Merchant, Bribe Branch


You were in a bailey.
You worshipped Gozag.
Gozag was pleased with you.
You visited 1 branch of the dungeon, and saw 7 of its levels.
You also visited: Ossuary and Bailey.

You collected 980 gold pieces.
You paid 34 gold pieces to Gozag.


Innate Abilities, Weirdness & Mutations

You cannot wear most types of armour.
You are amphibious.
You can wear up to eight rings at the same time.
Your skin changes colour to match your surroundings (Stealth+).
Your rubbery body absorbs attacks. (AC +1, EV +1)
((You are camouflaged near water. (Stealth+)))
You have tentacles for arms and can constrict up to eight enemies at once.


   Skills:
 - Level 2.0 Dodging
 - Level 2.6 Stealth
 + Level 7.8 Spellcasting
 - Level 11.0 Conjurations
 + Level 3.7 Hexes
 + Level 3.7 Translocations


You had 6 spell levels left.
You knew the following spells:

 Your Spells              Type           Power      Damage    Failure   Level
c - Mephitic Cloud        Conj/Pois/Air  25%        N/A       4%          3
f - Fulminant Prism       Conj/Hex       21%        3d13      3%          4
i - Call Imp              Summ           9%         N/A       11%         2
m - Magic Dart            Conj           100%       1d8       1%          1
s - Searing Ray           Conj           100%       3d7       1%          2
B - Blink                 Tloc           N/A        N/A       2%          2
X - Iskenderun's Mystic   Conj/Tloc      42%        2d10      3%          4

Your spell library contained the following spells:

 Spells                   Type           Power      Damage    Failure   Level
 Dazzling Flash           Conj/Hex       84%        N/A       1%          3
 Slow                     Hex            26%        N/A       2%          2
 Conjure Flame            Conj/Fire      34%        6-21      2%          3

Inventory:

Hand Weapons
 a - a +1 dagger of flaming
   (You took it off a goblin on level 1 of the Dungeon)
 j - a +1 dagger of venom
   (You took it off a goblin on level 2 of the Dungeon)
 r - a +0 whip of electrocution (weapon)
   (You took it off a gnoll on level 4 of the Dungeon)
Missiles
 s - 12 poisoned darts
Magical Staves
 b - a staff of cold {!a}
   (You found it on level 2 of the Dungeon)
Jewellery
 h - an amulet of reflection (around mantle)
   (You took it off a kobold on level 2 of the Dungeon)
 F - a ring of protection from fire (left tentacle)
   (You found it on level 1 of the Dungeon)
 N - a ring of positive energy (right tentacle)
   (You found it on level 5 of the Dungeon)
Wands
 t - a wand of paralysis (7)
   (You found it on level 6 of the Dungeon)
Scrolls
 c - a scroll of amnesia
 f - 6 scrolls of teleportation {@r4}
 g - a scroll of immolation {!r!r}
 i - a scroll of magic mapping {!r}
 w - a scroll of brand weapon
 x - a scroll of identify {@r1}
Potions
 d - 3 potions of berserk rage {unknown}
 e - 2 potions of attraction {unknown}
 k - 5 potions of curing {unknown}
 l - 2 potions of might
 m - 2 potions of resistance
 n - a potion of lignification {unknown}
 o - a potion of magic {unknown}
 p - a potion of flight {unknown}
 q - 4 potions of heal wounds {unknown}
 u - a potion of invisibility {unknown}
 v - a potion of degeneration {unknown}

Dungeon Overview and Level Annotations

Branches:
Dungeon (7/15)             Temple (0/1) D:5         Ossuary (visited)
 Bailey (1/1)

Altars:
Dithmenos
Fedhas
Gozag
Xom

##.....##
##'''##
#.....#
#.....#
#.....#
#.....#
#..ยง..#
##'''##
#..o.@#
#..oooo.#
#...ooo.#
#...oo..#
#...o...#
#.......#
##..o..##
#''o''#


You could see 3 orc knights, 5 orc warriors and 5 orcs.


Message History

You regained 7 mp, and now have 8/21 mp.
The magic dart hits the orc!
You kill the orc! ๐Ÿ˜Ž MP[-1]
You lost 1 mp, and now have 7/21 mp.
You start resting. ๐Ÿ˜Ž MP[+14]
Your mp is fully restored (21).
You now have 837 gold pieces (gained 31).
q - 4 emerald potions (gained 3)
Things that are here:
a +0 spear; a +0 glaive; a +0 ring mail You now have 844 gold pieces (gained 7).
Things that are here:
a +0 glaive; a +0 plate armour You now have 849 gold pieces (gained 5).
d - 3 black potions (gained 2)
You see here a +0 trident.
You now have 862 gold pieces (gained 13).
m - 2 potions of resistance (gained 1)
Things that are here:
a +0 spear; a +0 ring mail; a +0 halberd You now have 866 gold pieces (gained 4).
You see here a +0 spear.
You now have 873 gold pieces (gained 7).
You see here a +0 hand axe.
You now have 877 gold pieces (gained 4).
You see here a +0 hand axe.
You now have 883 gold pieces (gained 6).
Things that are here:
a +0 trident; a +0 ring mail You now have 887 gold pieces (gained 4).
Things that are here:
a +0 spear; a +0 chain mail Key pressed, stopping explore.
You now have 928 gold pieces (gained 41).
You see here a +0 war axe.
You now have 946 gold pieces (gained 18).
Items here: ))) [.
Things that are here:
a +0 spear; a +0 chain mail
There is an open door here.
There is an open door here.
There is an open gate here. 5 orcs and an orc warrior come into view. 4 orc warriors and an orc knight come into view.
The orc warrior shouts!
The orc knight moves out of view.
There is an open gate here.
The orc warrior shouts!
The orc shouts! x2; The orc knight shouts!
You hear a shout! x2
Casting: Magic Dart (safe; 1% risk of failure)
Confirm with . or Enter, or press ? or * to list all spells.
Aiming: Fulminant Prism (dangerous; 3% risk of failure)
Press: ? - help, Dir - move target You conjure a prism of explosive energy!
The orc shouts!
The orc warrior shouts! x2
A fulminant prism comes into view.
The orc warrior sings a few bars from the Orcish anthem. ๐Ÿ˜Ž MP[-4]
You lost 4 mp, and now have 17/21 mp.
Casting: Fulminant Prism (dangerous; 3% risk of failure)
Confirm with . or Enter, or press ? or * to list all spells.
Aiming: Fulminant Prism (dangerous; 3% risk of failure)
Press: ? - help, Dir - move target You miscast Fulminant Prism.
You are very lightly contaminated with residual magic.
You hear an indistinct dissonance whispering inside your mind.
You feel yourself slow down.
The orc hits you from afar with a +0 halberd!
The orc suddenly jeers.
The orc warrior hits your fulminant prism with a +0 war axe!
The orc knight roars a battlecry!
The orcs go into a battle-frenzy! ๐Ÿ˜• HP[-9] MP[-4]
You take 9 damage, and now have 47/56 hp.
You lost 4 mp, and now have 13/21 mp.
The orc hits you from afar with a +0 trident!
There is an open gate, spattered with blood here. ๐Ÿ˜ฎ HP[-14]
You take 14 damage, and now have 33/56 hp.
MASSIVE DAMAGE!! (PAUSE)
Okay, then.
Okay, then.
As you read the scroll of teleportation {@r4}, it crumbles to dust.
You feel strangely unstable. The orc completely misses you.
The orc warrior hits you from afar with a +0 trident!
* * * LOW HITPOINT WARNING * * *
An orc knight comes into view. It is wielding a +0 glaive.
The orc barely misses you.
The orc hits you from afar with a +0 halberd!
* * * LOW HITPOINT WARNING * * *
๐Ÿ˜ฑ HP[-25]
You take 25 damage, and now have 8/56 hp.
MASSIVE DAMAGE!! (PAUSE)
Your surroundings seem slightly different.
The orc hits you from afar with a +0 trident!
You die...
Your body crumbles into a pile of gold.

Skill      XL: |  1  2  3  4  5  6  7  8  9 10 |
---------------+-------------------------------+-----
Conjurations   | 5 6 7 9 10 11 | 11.0
Spellcasting   | 3 4 5 6 7 |  7.8
Hexes          | 2 3 |  3.7
Translocations | 2 3 |  3.7
Dodging        | |  2.0
Stealth        | |  2.6

Action                   |  1- 3 |  4- 6 |  7- 9 | 10-12 || total
-------------------------+-------+-------+-------+-------++-------
Melee: Unarmed           |     6 |       |       |       ||     6
       Tentacles         |     5 |     2 |    11 |       ||    18
       Constrict         |     6 |     1 |    20 |     1 ||    28
       Dagger            |    22 |    10 |     4 |       ||    36
       Whip              |       |       |    72 |     4 ||    76
 Cast: Magic Dart        |    71 |    59 |   102 |    14 ||   246
       Searing Ray       |     1 |     5 |    63 |     4 ||    73
       Fulminant Prism   |       |       |     1 |     8 ||     9
Evoke: Wand              |       |       |       |     2 ||     2
  Use: Scroll            |     2 |     4 |     5 |     1 ||    12
 Stab: Sleeping          |       |     2 |     2 |       ||     4
       Paralysed         |       |       |       |     4 ||     4
Armor: Skin              |     6 |       |    14 |       ||    20
Dodge: Dodged            |    21 |    11 |    85 |     3 ||   120
Block: Other             |       |     4 |    41 |       ||    45
       Reflection        |       |     1 |     2 |       ||     3

Levels and vault maps discovered:
D:1:      mainiacjoe_arrival_reflecting_pool, layout_basic
D:2:      layout_loops_ring, basic_ecumenical_altar, serial_bayou_pond_b,
          st_stairs_8, uniq_robin, uniq_sigmund, uniq_jessica
D:3:      layout_rooms, corexii_corridor_pit, hangedman_decor_clover_reticule
D:4:      layout_rooms, nicolae_gozag_seed_capital, minmay_misc_feat_alley,
          uniq_pikel
D:5:      kennysheep_kobold_camp, layout_loops_ring, kennysheep_little_box,
          lemuel_coloured_pillars_altar, minmay_temple_entry_wispy,
          nicolae_ossuary_entry_catacombs, uniq_grinder, uniq_blork_the_orc
D:6:      layout_loops_ring, nicolae_overflow_crystal_walls,
          gammafunk_ghost_necromancy
D:7:      hangedman_cross_stitches, layout_loops_ring, enter_bailey_3
Bailey:   bailey_polearm_5, bailey

Notes
Turn   | Place    | Note
-------+----------+-------------------------------------------
     0 | D:1      | spiderkeys the Octopode Conjurer began the quest for the
                  | Orb.
     0 | D:1      | Reached XP level 1. HP: 11/11 MP: 3/3
     0 | D:1      | magus.rc [v1.9.10]
   179 | D:1      | Reached XP level 2. HP: 17/17 MP: 1/5
   228 | D:1      | Learned a level 2 spell: Searing Ray
   503 | D:1      | Reached XP level 3. HP: 21/21 MP: 3/6
   607 | D:1      | You pick up a book of Minor Magic and begin reading...
   607 | D:1      | You add the spells Blink, Call Imp, Slow, Conjure Flame and
                  | Mephitic Cloud to your library.
  1381 | D:2      | Reached skill level 5 in Conjurations
  1492 | D:2      | Reached XP level 4. HP: 27/27 MP: 2/7
  1668 | D:2      | Noticed Sigmund
  1712 | D:2      | Found a faded altar of an unknown god.
  1715 | D:2      | Noticed Jessica
  1718 | D:2      | Killed Sigmund
  1719 | D:2      | Reached skill level 3 in Spellcasting
  1719 | D:2      | Reached skill level 6 in Conjurations
  1719 | D:2      | Reached XP level 5. HP: 23/31 MP: 3/10
  1721 | D:2      | Killed Jessica
  1722 | D:2      | Reached XP level 6. HP: 27/36 MP: 0/11
  2062 | D:2      | Noticed Robin
  2065 | D:2      | Killed Robin
  3056 | D:4      | Noticed a black bear
  3060 | D:4      | Killed a black bear
  3061 | D:4      | Reached skill level 4 in Spellcasting
  3061 | D:4      | Reached skill level 7 in Conjurations
  3061 | D:4      | Reached XP level 7. HP: 40/41 MP: 7/13
  3636 | D:4      | Found an opulent altar of Gozag.
  3659 | D:4      | Became a worshipper of Gozag Ym Sagoz the Greedy
  4089 | D:4      | Noticed Pikel
  4161 | D:4      | Killed Pikel
  4162 | D:4      | Reached skill level 5 in Spellcasting
  4162 | D:4      | Reached skill level 9 in Conjurations
  4162 | D:4      | Reached XP level 8. HP: 29/46 MP: 6/16
  4419 | D:5      | Entered Level 5 of the Dungeon
  4930 | D:5      | Found a sand-covered staircase.
  4942 | Ossuary  | Entered an ossuary
  5325 | Ossuary  | Reached skill level 6 in Spellcasting
  5368 | Ossuary  | Reached skill level 10 in Conjurations
  5368 | Ossuary  | Reached XP level 9. HP: 34/51 MP: 2/18
  5889 | D:5      | Found a blossoming altar of Fedhas.
  6194 | D:5      | Found a staircase to the Ecumenical Temple.
  6199 | D:5      | Noticed Grinder
  6199 | D:5      | Noticed Blork the orc
  6202 | D:5      | Killed Blork the orc
  6206 | D:5      | Killed Grinder
  6650 | D:5      | Found a shadowy altar of Dithmenos.
  7091 | D:6      | Reached skill level 11 in Conjurations
  7096 | D:6      | Learned a level 4 spell: Fulminant Prism
  7101 | D:6      | Learned a level 4 spell: Iskenderun's Mystic Blast
  7105 | D:6      | Learned a level 3 spell: Mephitic Cloud
  7108 | D:6      | Learned a level 2 spell: Blink
  7111 | D:6      | Learned a level 2 spell: Call Imp
  7381 | D:6      | Reached skill level 7 in Spellcasting
  7381 | D:6      | Reached skill level 1 in Hexes
  7381 | D:6      | Reached skill level 1 in Translocations
  7553 | D:6      | Found a shimmering altar of Xom.
  7639 | D:6      | Found a runed translucent gate.
  7640 | D:6      | Found a runed translucent gate.
  7641 | D:6      | Found a runed translucent gate.
  7642 | D:6      | Noticed spiderkeys's ghost (novice OpAK)
  8056 | D:6      | Killed spiderkeys's ghost
  8057 | D:6      | Reached skill level 2 in Hexes
  8057 | D:6      | Reached skill level 2 in Translocations
  8427 | D:7      | Found a flagged portal.
  8432 | D:7      | Reached XP level 10. HP: 39/56 MP: 16/21
  8434 | D:7      | Reached skill level 3 in Hexes
  8585 | Bailey   | Entered a bailey
  8693 | Bailey   | Reached skill level 3 in Translocations
  9037 | Bailey   | Noticed an orc knight
  9042 | Bailey   | Noticed an orc knight
  9042 | Bailey   | HP: 8/56 [orc/+0 halberd (11)]
  9043 | Bailey   | Slain by an orc

Vanquished Creatures
  Pikel (D:4)
  The ghost of spiderkeys the Skirmisher, a novice OpAK of Lugonu (D:6)
  Grinder (D:5)
  Sigmund (D:2)
  5 orc warriors (Bailey)
  A sky beast (D:6)
  3 black bears
  A necrophage (D:5)
  An ogre (D:4)
  2 lemures (D:4)
  A kobold brigand (D:5)
  Blork the orc (D:5)
  3 elf skeletons (D:5)
  2 scorpions
  3 elf zombies (Ossuary)
  4 wights (D:5)
  A spectral centaur (D:6)
  2 hounds
  4 centaur zombies
  A human zombie (D:5)
  Jessica (D:2)
  2 centaur skeletons (D:6)
  2 human skeletons (D:5)
  A scorpion zombie (D:5)
  2 mummies (Ossuary)
  A howler monkey zombie (D:6)
  Robin (D:2)
  7 gnolls
  2 howler monkey skeletons (D:6)
  7 adders
  An ufetubus (D:5)
  2 adder zombies (Ossuary)
  An adder skeleton (D:4)
  A worm (D:2)
  6 dart slugs
  20 orcs (Bailey)
  6 bats
  8 endoplasms
  A giant cockroach (D:1)
  15 goblins
  17 hobgoblins
  12 jackals
  4 quokkas
  5 ball pythons
  A frilled lizard (D:2)
  2 goblin zombies (Ossuary)
  13 hobgoblin zombies (Ossuary)
  2 jackal zombies (Ossuary)
  28 kobolds
  9 kobold zombies (Ossuary)
  5 orc zombies (Ossuary)
  10 rats
234 creatures vanquished.

Vanquished Creatures (others)
  9 fulminant prisms
  17 plants
26 creatures vanquished.

Grand Total: 260 creatures vanquished

Table legend:
 A = Non-vault XP
 B = Vault XP
 C = Vault XP percentage of total XP
 D = Non-vault monster count
 E = Vault monster count
 F = Vault count percentage of total count
                 A         B        C        D         E       F
            +---------+---------+-------+---------+---------+-------
      Total |    1768 |    3706 |  67.7 |     111 |     121 |  52.2
            +---------+---------+-------+---------+---------+-------
        D:1 |      59 |       0 |   0.0 |      34 |       0 |   0.0
        D:2 |      30 |     303 |  91.0 |      15 |      17 |  53.1
        D:3 |     133 |       0 |   0.0 |      20 |       0 |   0.0
        D:4 |     499 |     685 |  57.9 |      25 |       1 |   3.8
        D:5 |     473 |     876 |  64.9 |       8 |      29 |  78.4
        D:6 |     446 |     717 |  61.7 |       7 |       6 |  46.2
        D:7 |     128 |       7 |   5.2 |       2 |       4 |  66.7
    Ossuary |       0 |     388 | 100.0 |       0 |      39 | 100.0
     Bailey |       0 |     730 | 100.0 |       0 |      25 | 100.0
            +---------+---------+-------+---------+---------+-------

Illustrated notes

Table legend:
 A = Kills in this place as a percentage of kills in entire the game.
 B = Kills by you in this place as a percentage of kills by you in the entire game.
 C = Kills by friends in this place as a percentage of kills by friends in the entire game.
 D = Other kills in this place as a percentage of other kills in the entire game.
 E = Experience gained in this place as a percentage of experience gained in the entire game.
 F = Experience gained in this place divided by the number of levels of this place that you have seen.
                   A       B       C       D       E      F
               +-------+-------+-------+-------+-------+----------------------
         Total | 100.0 | 100.0 |   N/A |   N/A | 100.0 | 608.2
       Dungeon |  72.4 |  72.4 |   N/A |   N/A |  79.6 | 622.3
       Ossuary |  16.8 |  16.8 |   N/A |   N/A |   7.1 | 388.0
        Bailey |  10.8 |  10.8 |   N/A |   N/A |  13.3 | 730.0
               +-------+-------+-------+-------+-------+----------------------

Table legend: (Time is in decaauts)
 A = Elapsed time spent in this place.
 B = Non-inter-level travel time spent in this place.
 C = Inter-level travel time spent in this place.
 D = Time resting spent in this place.
 E = Time spent auto-exploring this place.
 F = Levels seen in this place.
 G = Mean time per level.
                   A        B        C        D        E       F      G
               +--------+--------+--------+--------+--------+-----+--------+
         Total |   9051 |   8783 |    268 |   1143 |   6311 |   9 | 1005.7 |
       Dungeon |   7774 |   7506 |    268 |    747 |   5818 |   7 | 1110.6 |
       Ossuary |    817 |    817 |      0 |    102 |    443 |   1 |  817.0 |
        Bailey |    459 |    459 |      0 |    294 |     50 |   1 |  459.0 |
               +--------+--------+--------+--------+--------+-----+--------+

Top non-repeatable levels by time:
     D:5: 1857 daAuts
     D:6: 1316 daAuts
     D:4: 1205 daAuts
     D:1: 1181 daAuts
     D:2: 1129 daAuts
     D:3: 901 daAuts
 Ossuary: 817 daAuts
  Bailey: 459 daAuts
     D:7: 182 daAuts
